 Dungeon Crawl Stone Soup version 0.27-a0-906-g0a00ce863d (webtiles) character file.

Game seed: 15785755944397772574

29 robertstho the Magician (level 3, -4/26 HPs)
             Began as a Djinni Ice Elementalist on Apr 7, 2021.
             Killed by Freeze
             ... generated by an endoplasm
              (7 damage)
             ... on level 2 of the Dungeon.
             The game lasted 00:01:26 (2050 turns).

robertstho the Magician (Djinni Ice Elementalist)   Turns: 2050, Time: 00:01:26

Health: -4/26      AC:  2    Str:  7    XL:     3   Next: 16%
Gold:   89         EV: 12    Int: 17    God:
                   SH:  0    Dex: 13

rFire    + + .     SeeInvis .   b - +0 mace
rCold    x . .     Faith    .   (no shield)
rNeg     . . .     Spirit   .   a - +0 robe
rPois    ∞         Reflect  .   (no helmet)
rElec    .         Harm     .   (no cloak)
rCorr    .         Rampage  .   (no gloves)
Will     .....                  (boots unavailable)
Stlth    ++........             h - amulet of the acrobat
HPRegen  0.08/turn              (no ring)
MPRegen  0.00/turn              (no ring)

@: flying
A: fire resistance 2, cold vulnerability 1, float, innate caster, hp casting,
extra vitality 1
a: no special abilities


You were on level 2 of the Dungeon.
You visited 1 branch of the dungeon, and saw 2 of its levels.

You collected 89 gold pieces.

Inventory:

Hand Weapons
 b - a +0 mace (weapon)
Armour
 a - a +0 robe (worn)
Jewellery
 h - an amulet of the acrobat (around neck)
Scrolls
 c - a scroll of teleportation {unknown}
Potions
 e - 2 potions of curing {unknown}
 f - a potion of brilliance {unknown}
 g - a potion of might {unknown}


   Skills:
 * Level 0.8 Fighting
 + Level 0.1 Maces & Flails
 + Level 2.3 Dodging
 + Level 1.7 Stealth
 * Level 4.1 Spellcasting


You couldn't memorise any spells.
You knew the following spells:

 Your Spells              Type           Power      Damage    Failure   Level
a - Freeze                Ice            68%        1d8       2%          1
b - Frozen Ramparts       Ice            34%        1d5       9%          3
c - Ozocubu's Armour      Ice            17%        N/A       9%          3
d - Hailstorm             Conj/Ice       17%        3d6       28%         4
e - Summon Ice Beast      Ice/Summ       17%        N/A       28%         4
f - Magic Dart            Conj           68%        1d6       2%          1
Your spell library was empty.

Dungeon Overview and Level Annotations

Branches:
Dungeon (2/15)

Altars:
Vehumet

Shops:
D:1 ([


Innate Abilities, Weirdness & Mutations

You are immune to poison.
Your flesh is very heat resistant. (rF++)
You are vulnerable to cold. (rC-)
You float through the air rather than walking.
You learn spells naturally, not from books.
Your magical power is your life essence.
You have superior vitality. (+4 HP)


Message History

The hobgoblin hits you but does no damage.
You barely miss the hobgoblin.
The hobgoblin is heavily wounded.
The endoplasm closely misses you. The hobgoblin misses you.
You barely miss the hobgoblin.
The hobgoblin is heavily wounded.
The endoplasm hits you but does no damage.
The hobgoblin hits you. The endoplasm freezes you.
You are frozen.
You feel a terrible chill! The hobgoblin closely misses you.
You closely miss the hobgoblin.
The hobgoblin is heavily wounded.
The endoplasm hits you. The hobgoblin barely misses you.
You hit the hobgoblin.
You kill the hobgoblin!
The endoplasm freezes you.
You are frozen!
You feel a terrible chill! The endoplasm freezes you.
You are frozen.
You feel a terrible chill!
* * * LOW HITPOINT WARNING * * *
Casting: Freeze (safe; 2% risk of failure)
Confirm with . or Enter, or press ? or * to list all spells.
Aiming: Freeze (safe; 2% risk of failure)
Press: ? - help, Shift-Dir - straight line, f - endoplasm
Aim: an endoplasm You freeze the endoplasm.
The endoplasm is heavily wounded.
* * * LOW HITPOINT WARNING * * *
The endoplasm misses you.
Casting: Freeze (safe; 2% risk of failure)
Confirm with . or Enter, or press ? or * to list all spells.
Aiming: Freeze (safe; 2% risk of failure)
Press: ? - help, Shift-Dir - straight line, f/p - endoplasm
Aim: an endoplasm (heavily wounded)
You freeze the endoplasm.
The endoplasm is almost dead.
* * * LOW HITPOINT WARNING * * *
The endoplasm freezes you.
You are frozen!
You feel a terrible chill!
You die...

## ....# ...####...#### ##..##.
..#.........# #.....
......$.... #.... # #........
#...# #.##.#...# #...#
#....†.J.# #...# #######
#.#@..## #...# # #.....#
#......#######...###
#.....###....#..............
#..#......).................
#.....####..##.≈..≈.........
#.....####.≈(...#♣.≈≈#...###
###.......#≈#≈≈≈♣≈≈≈.#...# #
#.#####.#♣.≈.≈.≈≈≈.#...#
...#####.#####..≈≈≈≈.≈≈≈≈≈....#


You could see an endoplasm.

Vanquished Creatures
  2 dart slugs (D:1)
  4 endoplasms
  A giant cockroach (D:1)
  A goblin (D:1)
  5 hobgoblins
  2 jackals (D:1)
  A quokka (D:1)
  A ball python (D:1)
  A frilled lizard (D:1)
  A kobold (D:1)
  3 rats
22 creatures vanquished.

Notes
Turn   | Place    | Note
-------+----------+-------------------------------------------
     0 | D:1      | robertstho the Djinni Ice Elementalist began the quest for
                  | the Orb.
     0 | D:1      | Reached XP level 1. HP: 15/15 MP: 0/0
   208 | D:1      | Reached XP level 2. HP: 22/22 MP: 0/0
   530 | D:1      | Reached skill level 4 in Spellcasting
   978 | D:1      | Found Dodwoez's Weapon Shoppe.
  1202 | D:1      | Found Qucicapt's Antique Armour Shoppe.
  1625 | D:1      | Reached XP level 3. HP: 25/26 MP: 0/0
  1625 | D:1      | Learned a level 1 spell: Magic Dart
  2050 | D:2      | Killed from afar by an endoplasm

Illustrated notes

Levels and vault maps discovered:
D:1:      zaba_arrival_water, layout_loops_ring, serial_shops,
          nicolae_shop_window_shopping, shop, minmay_tetromino_s2
D:2:      layout_loops_cross, basic_altar, chequers_serial_rivers_marsh

Skill      XL: |  1  2 |
---------------+-------+-----
Spellcasting   | 4 |  4.1
Fighting       | |  0.8
Maces & Flails | |  0.1
Dodging        | |  2.3
Stealth        | |  1.7

Action                   || total
-------------------------++-------
Melee: Mace              ||    72
 Cast: Freeze            ||    13
  Use: Scroll            ||     1
 Stab: Sleeping          ||     4
Armor: Robe              ||     9
Dodge: Dodged            ||    59

Table legend: (Time is in decaauts)
 A = Elapsed time spent in this place.
 B = Non-inter-level travel time spent in this place.
 C = Inter-level travel time spent in this place.
 D = Time resting spent in this place.
 E = Time spent auto-exploring this place.
 F = Levels seen in this place.
 G = Mean time per level.
                   A        B        C        D        E       F      G
               +--------+--------+--------+--------+--------+-----+--------+
         Total |   2078 |   2028 |     50 |      0 |   1833 |   2 | 1039.0 |
       Dungeon |   2078 |   2028 |     50 |      0 |   1833 |   2 | 1039.0 |
               +--------+--------+--------+--------+--------+-----+--------+

Top non-repeatable levels by time:
     D:1: 1710 daAuts
     D:2: 367 daAuts
